 Dungeon Crawl Stone Soup version 0.18-a0-1243-g9e52518 (webtiles) character file.

1152 Lathuz the Covert (level 8, -10/36 HPs)
             Began as a Spriggan Enchanter on Feb 5, 2016.
             Mangled by namelastname112's ghost (11 damage)
             ... on level 5 of the Dungeon.
             The game lasted 00:24:07 (7460 turns).

Lathuz the Covert (Spriggan Enchanter)              Turns: 7460, Time: 00:24:08

Health: -10/36     AC:  6    Str:  4    XL:     8   Next: 16%
Magic:  10/16      EV: 17    Int: 19    God:
Gold:   174        SH:  0    Dex: 16    Spells: 3 memorised, 10 levels left

rFire  . . .     SeeInvis +     a - +1 dagger
rCold  . . .     Gourm    .     b - +1 robe
rNeg   . . .     Faith    .     (shield restricted)
rPois  .         Spirit   .     (helmet restricted)
rElec  .         Dismiss  .     A - +2 cloak
rCorr  .         Reflect  .     (gloves unavailable)
SustAt .         Harm     .     (boots unavailable)
MR     +....                    (no amulet)
Stlth  +++++.....               (no ring)
                                (no ring)

@: drained, very quick, somewhat resistant to hostile enchantments, quite
stealthy
A: unfitting armour, see invisible, herbivore 3, speed 3, slow metabolism 2
a: no special abilities


You were on level 5 of the Dungeon.
You were hungry.

You visited 2 branches of the dungeon, and saw 6 of its levels.

You collected 174 gold pieces.

Inventory:

Hand Weapons
 a - a +1 dagger (weapon)
 l - a +0 short sword
Missiles
 D - 36 stones (quivered)
Armour
 b - a +1 robe (worn)
 A - a +2 cloak (worn)
Jewellery
 u - a cursed amulet of inaccuracy
 z - an uncursed ring of fire
Wands
 o - a wand of flame (48/48)
Scrolls
 e - 3 scrolls of fog
 f - a scroll of blinking
 g - 2 scrolls of teleportation
 h - a scroll of fear {unknown}
 j - a scroll of remove curse
 m - 3 scrolls of immolation
 q - a scroll of random uselessness {unknown}
 r - 2 scrolls of amnesia {unknown}
 t - 2 scrolls of identify
 y - a scroll of recharging
 C - a scroll of enchant weapon {unknown}
Potions
 i - 2 potions of might {unknown}
 k - a potion of cancellation {unknown}
 n - 4 potions of flight {unknown}
 p - 2 potions of agility {unknown}
 s - a potion of heal wounds {unknown}
 w - a potion of cure mutation {unknown}
 x - a potion of poison {unknown}
 B - a potion of resistance {unknown}
Books
 c - a book of Maledictions

   Spells                             Type                      Level
   a - Corona                         Hexes                        1
   b - Ensorcelled Hibernation        Hexes/Ice                    2
   c - Confuse                        Hexes                        3
   d - Tukima's Dance                 Hexes                        3
   e - Dazzling Spray                 Conjuration/Hexes            3
Comestibles
 d - 5 bread rations
 v - 2 slices of pizza


   Skills:
 - Level 5.5(4.7) Short Blades
 - Level 3.0(2.2) Dodging
 - Level 10.2(9.3) Stealth
 + Level 4.7(3.9) Spellcasting
 * Level 6.6(5.8) Hexes


You had 10 spell levels left.
You knew the following spells:

 Your Spells              Type           Power        Failure   Level  Hunger
a - Corona                Hex            ####...      1%          1    None
b - Ensorcelled Hibernat  Hex/Ice        ##....       10%         2    ##.....
c - Confuse               Hex            ####....     4%          3    ###....


Dungeon Overview and Level Annotations

Branches:
Dungeon (5/15)             Temple (1/1) D:5

Altars:
Cheibriados
Dithmenos
Fedhas
Kikubaaqudgha
Makhleb
Nemelex Xobeh
Okawaru
Pakellas
Ru
Sif Muna
Trog
Vehumet
Xom

Shops:
D:5 :

Annotations:
D:5 namelastname112's ghost, novice DrGl


Innate Abilities, Weirdness & Mutations

You are tiny and cannot use many weapons and most armour.
You have supernaturally acute eyesight.
You are a herbivore.
You cover ground extremely quickly.
You need consume almost no food.


Message History

Casting: Confuse
Confirm with . or Enter, or press ? or * to list all spells.
Aiming: Confuse
Press: ? - help, Shift-Dir - straight line, f - namelastname112's ghost
Aim: namelastname112's ghost, wielding a weapon of draining (chance to defeat MR: 28%) Namelastname112's ghost easily resists.
Namelastname112's ghost whispers, "Trust me.
Just give in."
Namelastname112's ghost hits you!
* * * LOW HITPOINT WARNING * * *
You feel drained.
* * * LOW HITPOINT WARNING * * *
Casting: Confuse
Confirm with . or Enter, or press ? or * to list all spells.
Aiming: Confuse
Press: ? - help, Shift-Dir - straight line, f/p - namelastname112's ghost
Aim: namelastname112's ghost, wielding a weapon of draining (chance to defeat MR: 26%) Namelastname112's ghost appears confused.
You hit namelastname112's ghost but do no damage.
Namelastname112's ghost hits you!
You die...

#.# #..# #.##
##.###..
#..####..###).
#...#...###..#
##.....### ..#
##....### ..######
##.###.# #......
##.## #>## #W..#
#.## ##.# ##@# .##
##.######..# .#
##..........##
.#####............##
..#...##..####.....#
....#####.#
#.......# ....# #.#
#..###..# ##..# #.#
#.## ### ##..# #.#
#.


You could see namelastname112's ghost (confused).

Vanquished Creatures
  Sigmund (D:2)
  A water moccasin (D:5)
  2 ogres
  A gnoll sergeant (D:5)
  2 giant frog zombies (D:5)
  A hound (D:4)
  A centaur zombie (D:5)
  A jelly (D:5)
  A centaur skeleton (D:4)
  2 iguanas
  4 worker ants
  Robin (D:3)
  8 adders
  6 gnolls (D:5)
  2 shadow imps (D:5)
  An ooze (D:4)
  2 adder skeletons (D:5)
  5 worms
  5 giant geckos
  2 orcs (D:3)
  9 giant cockroaches
  11 goblins
  11 hobgoblins
  12 jackals
  9 kobolds
  3 quokkas
  3 ball pythons
  16 bats
  5 giant newts
  17 rats
145 creatures vanquished.

Notes
Turn   | Place    | Note
--------------------------------------------------------------
     0 | D:1      | Lathuz the Spriggan Enchanter began the quest for the Orb.
     0 | D:1      | Reached XP level 1. HP: 9/9 MP: 5/5
   217 | D:1      | Reached XP level 2. HP: 13/13 MP: 6/6
   262 | D:1      | Learned a level 2 spell: Ensorcelled Hibernation
   688 | D:1      | Reached XP level 3. HP: 4/16 MP: 1/8
   791 | D:1      | Reached skill level 5 in Stealth
  1357 | D:2      | Noticed Sigmund
  1387 | D:2      | Killed Sigmund
  1387 | D:2      | Reached skill level 5 in Short Blades
  1387 | D:2      | Reached skill level 6 in Stealth
  1387 | D:2      | Reached XP level 4. HP: 13/21 MP: 9/9
  1387 | D:2      | Reached XP level 5. HP: 14/24 MP: 10/10
  2062 | D:2      | Found a sparkling altar of Nemelex Xobeh.
  2122 | D:2      | Found a deep blue altar of Sif Muna.
  2282 | D:2      | Learned a level 3 spell: Confuse
  2381 | D:3      | Reached XP level 6. HP: 28/28 MP: 11/11
  2440 | D:3      | Noticed Robin
  2440 | D:3      | Found an iron altar of Okawaru.
  2455 | D:3      | Found a sacrificial altar of Ru.
  2483 | D:3      | Killed Robin
  2483 | D:3      | Reached skill level 7 in Stealth
  2830 | D:3      | Found an ancient bone altar of Kikubaaqudgha.
  3515 | D:3      | Found a blossoming altar of Fedhas.
  4360 | D:4      | Noticed a moth of wrath
  4363 | D:4      | Found a bloodstained altar of Trog.
  4414 | D:4      | Reached skill level 8 in Stealth
  4616 | D:4      | Reached skill level 9 in Stealth
  4636 | D:4      | Reached XP level 7. HP: 12/32 MP: 0/12
  5033 | D:4      | Reached skill level 10 in Stealth
  5737 | D:5      | Entered Level 5 of the Dungeon
  5913 | D:5      | Found a staircase to the Ecumenical Temple.
  6104 | Temple   | Entered the Ecumenical Temple
  6438 | D:5      | Reached skill level 5 in Hexes
  6840 | D:5      | Reached XP level 8. HP: 36/36 MP: 11/15
  7039 | D:5      | Found Eweawym's Book Boutique.
  7455 | D:5      | Noticed namelastname112's ghost (novice DrGl)
  7458 | D:5      | HP: 1/36 [namelastname112's ghost (4)]
  7460 | D:5      | Mangled by namelastname112's ghost

Vault maps used:
D:1:      ncdulo_lavacross, minmay_misc_feat_room
D:2:      lemuel_crystal_altar, lemuel_crystal_altar, first_bread, uniq_sigmund
D:3:      lemuel_crystal_altar, nicolae_ru_awakened_eye, fedhas_altar_2,
          old_standard_altar, uniq_robin
D:4:      tgw_trog, gup_sewer_entry_bubbles
D:5:      minmay_temple_entry_glassed_door, serial_shops, shop
Temple:   hc_temple_tempest_star_small

Action                   |  1- 3 |  4- 6 |  7- 9 || total
-------------------------+-------+-------+-------++-------
Melee: Dagger            |   108 |   207 |    98 ||   413
 Cast: Corona            |     1 |       |       ||     1
       Ensorcelled Hiber |    18 |    37 |    23 ||    78
       Confuse           |       |     4 |     8 ||    12
  Use: Scroll            |       |     4 |     4 ||     8
 Stab: Sleeping          |    17 |    43 |    29 ||    89
       Distracted        |     1 |     3 |       ||     4
       Confused          |       |     3 |     3 ||     6
  Eat: Bread ration      |       |     1 |       ||     1
       Fruit             |       |       |     3 ||     3
